 Dungeon Crawl Stone Soup version 0.16-a0-3554-g1f1ee3f (webtiles) character file.

60 Stone the Firebug (level 3, -1/24 HPs)
             Began as a Mummy Fire Elementalist on Jan 11, 2015.
             Slain by Robin
             ... wielding a +0 mace of protection
              (4 damage)
             ... on level 2 of the Dungeon.
             The game lasted 00:10:49 (2655 turns).

Stone the Firebug (Mummy Fire Elementalist)         Turns: 2655, Time: 00:10:49

Health: -1/24      AC:  6    Str: 11    XL:     3   Next: 82%
Magic:  1/6        EV: 10    Int: 15    God:
Gold:   86         SH:  0    Dex: 12    Spells: 2 memorised, 3 levels left

rFire  x . .     SeeInvis .     d - +3 whip
rCold  + . .     Clarity  .     f - +0 ring mail
rNeg   + + +     SustAb   .     (no shield)
rPois  ∞         Gourm    .     (no helmet)
rElec  .         Spirit   .     (no cloak)
rCorr  .         Warding  .     (no gloves)
rMut   .         Stasis   .     (no boots)
MR     .....                    (no amulet)
Stlth  +.........               (no ring)
                                k - +1 ring of protection

@: very slightly contaminated, not resistant to hostile enchantments, very
unstealthy
A: no food or potions, fire vulnerability, restore body, cold resistance 1,
negative energy resistance 3, poison resistance, torment resistance, unbreathing
a: no special abilities


You were on level 2 of the Dungeon.
You were not hungry.

You visited 1 branch of the dungeon, and saw 2 of its levels.

You collected 86 gold pieces.

Inventory:

Hand weapons
 d - a +3 whip (weapon)
 e - a +2 dagger of holy wrath
Missiles
 c - a stone (quivered)
Armour
 a - a +0 robe
 f - a +0 ring mail (worn)
Jewellery
 k - a +1 ring of protection (left hand)
Scrolls
 g - 2 scrolls of enchant weapon {unknown}
 h - a scroll of amnesia {unknown}
 i - a scroll of enchant armour {unknown}
 j - a scroll of identify {unknown}
 l - a scroll of magic mapping {unknown}
 m - a scroll of teleportation {unknown}
Books
 b - a book of Flames

   Spells                             Type                      Level
   a - Flame Tongue                   Conjuration/Fire             1
   b - Throw Flame                    Conjuration/Fire             2
   c - Conjure Flame                  Conjuration/Fire             3
   d - Inner Flame                    Hexes/Fire                   3
   e - Sticky Flame                   Conjuration/Fire             4
   f - Fireball                       Conjuration/Fire             5


   Skills:
 - Level 1.5 Dodging
 - Level 1.5 Stealth
 + Level 2.7 Spellcasting
 + Level 1.7 Conjurations
 + Level 3.0 Fire Magic


You had 3 spell levels left.
You knew the following spells:

 Your Spells              Type           Power        Failure   Level  Hunger
a - Flame Tongue          Conj/Fire      #....        14%         1    N/A
b - Conjure Flame         Conj/Fire      #.......     38%         3    N/A

Dungeon Overview and Level Annotations

Branches:
Dungeon (2/15)

Altars:

Annotations:
D:2 Robin


Innate Abilities, Weirdness & Mutations

You do not eat or drink.
Your flesh is vulnerable to fire.
Your flesh is cold resistant.
You are immune to negative energy.
Your system is resistant to poisons.
You are immune to unholy pain and torment.
You can survive without breathing.


Message History

The flame tongue hits the hobgoblin.
You kill the hobgoblin!
You barely miss Robin. Robin closely misses you.
You hit Robin but do no damage. Robin hits you but does no damage.
You closely miss Robin. Robin closely misses you.
You hit Robin.
Robin is lightly wounded.
Robin hits you but does no damage.
You hit Robin but do no damage.
Robin is lightly wounded.
Robin hits you with a mace of protection.
* * * LOW HITPOINT WARNING * * *
You hit Robin.
Robin is moderately wounded.
You hit Robin.
Robin is heavily wounded.
Robin roars a battlecry!
The goblins go into a battle-frenzy!
Robin hits you with a mace of protection.
You die...

#+#
#.####.##.#
#..#..
#.##......#
#..###
#.##.#.####
#.....
#.##.#.#
#.....
#.##.#.#
#####.
#......# ##
####.###
##..######.#
#..gggggg@.#
.##.########


You could see Robin, 2 hobgoblins and 3 goblins.

Vanquished Creatures
  A giant mite (D:1)
  A giant gecko (D:2)
  5 bats
  2 giant cockroaches (D:1)
  12 goblins
  8 hobgoblins
  2 ball pythons
  6 giant newts
  7 kobolds
  6 rats
50 creatures vanquished.

Notes
Turn   | Place    | Note
--------------------------------------------------------------
     0 | D:1      | Stone, the Mummy Fire Elementalist, began the quest for the Orb.
     0 | D:1      | Reached XP level 1. HP: 13/13 MP: 3/3
   204 | D:1      | Reached skill level 1 in Conjurations
   845 | D:1      | Reached XP level 2. HP: 19/19 MP: 4/4
  1269 | D:1      | Reached XP level 3. HP: 24/24 MP: 4/6
  2033 | D:2      | Learned a level 3 spell: Conjure Flame
  2623 | D:2      | Noticed Robin
  2628 | D:2      | Reached skill level 3 in Fire Magic
  2655 | D:2      | Slain by Robin

Action                   || total
-------------------------++-------
Melee: Whip              ||    75
Throw: Stone             ||     1
 Cast: Flame Tongue      ||    63
